Map: [ESL] Waterfall

Players

eGGz

  • Race: Zerg Zerg
  • Spawn Location: 1:00

SpeCial - Winner!

  • Race: Terran Terran
  • Spawn Location: 7:00

Event: DreamHack SC2 Masters 2022 Atlanta (Online)

VOD

Have the link to the VOD?

Description

Time

  • Played on: Sept. 28, 2022, 3:10 p.m.
  • Length: 8:38

All games in this series

Show
View Real Time Build Order
Export as new Build Order

eGGz Zerg 

Build Orders: Hatch First 

Get SALT Encoding   

  12  0:01  Drone  
  13  0:14  Overlord  
  13  0:17  Drone  
  14  0:32  Drone x2  
  16  0:41  Drone  
  17  0:53  Hatchery  
  17  0:56  Drone  
  17  1:00  Drone  
  18  1:08  Extractor  
  17  1:16  Spawning Pool  
  16  1:18  Drone  
  16  1:22  Drone  
  18  1:33  Drone  
  19  1:40  Overlord  
  19  2:04  Zergling x4  
  19  2:05  Queen  
  19  2:06  Zergling x2  
  19  2:07  Queen  
  26  2:10  Metabolic Boost  
  26  2:13  Drone  
  27  2:18  Drone  
  28  2:25  Drone  
  29  2:38  Hatchery  
  29  2:40  Drone  
  29  2:51  Overlord  
  28  2:52  Zergling x2  
  28  2:53  Zergling x2  
  28  2:57  Overlord  
  30  2:59  Drone  
  30  3:05  Drone  
  32  3:08  Queen  
  34  3:14  Drone x2  
  34  3:17  Drone  
  37  3:25  Drone x3  
  40  3:27  Drone  
  40  3:28  Drone  
  41  3:38  Drone x4  
  45  3:47  Drone  
  45  3:48  Overlord  
  46  3:54  Evolution Chamber  
  46  3:55  Queen, Evolution Chamber  
  46  3:56  Drone  
  46  4:01  Queen  
  49  4:03  Drone  
  49  4:07  Drone  
  49  4:08  Drone  
  49  4:09  Drone  
  53  4:12  Overlord  
  53  4:15  Overlord  
  53  4:18  Zergling x2  
  53  4:19  Zergling x2  
  55  4:26  Zerg Ground Armor Level 1  
  55  4:28  Zergling x6  
  58  4:31  Overlord  
  58  4:36  Queen  
  58  4:37  Drone  
  61  4:41  Zerg Melee Weapons Level 1  
  61  4:43  Drone x2  
  63  4:49  Overlord  
  63  4:50  Drone x3  
  66  4:55  Drone x2  
  66  4:57  Drone x2  
  66  4:59  Drone  
  70  5:02  Spore Crawler  
  70  5:04  Queen  
  71  5:10  Zergling x10  
  76  5:15  Zergling x6  
  76  5:19  Overlord  
  79  5:21  Zergling x6  
  79  5:25  Baneling Nest  
  79  5:26  Drone x2  
  83  5:31  Zergling x2, Overlord  
  84  5:37  Zergling x4  
  84  5:42  Zergling x8  
  84  5:50  Zergling x2  
  84  5:51  Zergling x14  
  84  5:56  Zergling x2  
  75  6:04  Zergling x4  
  70  6:14  Lair  
  70  6:16  Queen  
  70  6:17  Queen  
  70  6:18  Drone x5  
  79  6:22  Zergling x4  
  81  6:27  Zergling x8  
  81  6:31  Zergling x4  
  81  6:32  Hatchery  
  86  6:37  Zergling x2  
  86  6:38  Zergling x2  
  88  6:42  Zergling x2  
  88  6:44  Baneling  
  88  6:45  Zergling x2, Baneling x4  
  90  6:54  Drone x7  
  97  6:55  Extractor  
  97  6:56  Hatchery  
  97  6:57  Extractor  
  89  7:02  Zergling x10  
  89  7:08  Zergling x4  
  86  7:13  Zergling x2  
  86  7:17  Zergling x2  
  86  7:18  Zergling x4  
  86  7:21  Zergling x4  
  90  7:25  Zergling x8  
  80  7:30  Zergling x6  
  80  7:34  Zergling x4  
  80  7:36  Zergling x2  
  78  7:37  Queen  
  78  7:38  Queen  
  78  7:45  Zergling x10  
  75  7:53  Zergling x2  
  75  7:57  Zergling x12  
  73  8:08  Zergling x6  
  73  8:12  Zergling x2  
  74  8:13  Baneling  
  74  8:19  Zergling x6  
Show
View Real Time Build Order
Export as new Build Order

SpeCial Terran - Winner!

Build Orders:  

Get SALT Encoding   

  12  0:00  SCV  
  13  0:12  SCV  
  14  0:17  Supply Depot  
  14  0:24  SCV  
  15  0:38  SCV  
  15  0:40  Barracks  
  16  0:43  Refinery  
  16  0:50  SCV  
  17  1:03  SCV  
  18  1:15  SCV  
  19  1:26  Barracks Reactor  
  19  1:27  Orbital Command  
  19  1:40  Command Center  
  19  1:50  Supply Depot  
  19  1:53  SCV  
  20  2:03  Marine x2  
  20  2:05  SCV  
  23  2:10  Factory  
  23  2:16  Refinery  
  23  2:19  SCV  
  24  2:23  Marine x2  
  26  2:31  SCV  
  27  2:40  Marine  
  27  2:41  Marine  
  27  2:43  SCV  
  28  2:54  Orbital Command  
  28  2:55  Starport  
  28  2:57  Factory Tech Lab  
  28  2:58  SCV  
  29  3:02  Marine  
  29  3:04  Marine  
  31  3:10  SCV  
  32  3:16  Siege Tank  
  35  3:24  SCV x2  
  35  3:25  Marine x2  
  39  3:30  Supply Depot  
  39  3:35  Medivac  
  39  3:39  SCV x2  
  43  3:43  Marine x2  
  45  3:51  SCV  
  45  3:52  SCV  
  45  3:53  Supply Depot  
  45  3:55  Siege Tank  
  50  4:02  Marine x2  
  52  4:08  Medivac  
  54  4:15  Supply Depot, SCV x2  
  56  4:20  Marine x2  
  58  4:27  SCV x2  
  58  4:30  Barracks  
  60  4:37  Barracks, Marine  
  60  4:38  Supply Depot, Medivac, Marine  
  64  4:41  Factory Reactor  
  64  4:42  SCV x2  
  66  4:50  Refinery  
  66  4:54  SCV  
  66  4:55  Engineering Bay  
  66  4:58  SCV  
  68  5:05  Supply Depot  
  68  5:06  SCV  
  69  5:09  Starport Reactor  
  69  5:10  SCV  
  70  5:15  Marine  
  70  5:16  Stimpack  
  70  5:18  SCV  
  72  5:22  SCV, Terran Infantry Weapons Level 1  
  72  5:27  Refinery  
  72  5:28  Barracks  
  73  5:30  SCV  
  73  5:34  SCV, Factory Tech Lab  
  75  5:38  Marine  
  75  5:39  Barracks, Marine x2  
  75  5:41  Barracks  
  78  5:43  SCV  
  78  5:46  SCV  
  78  5:52  Marine x2  
  78  5:56  Siege Tank, Marine x2  
  78  5:57  Marine  
  78  6:01  Medivac  
  78  6:02  Medivac  
  80  6:04  SCV  
  80  6:10  Supply Depot, Marine x2  
  78  6:14  Marine x2  
  78  6:15  Marine  
  79  6:21  Supply Depot  
  79  6:22  Marine  
  80  6:25  Marine  
  80  6:28  Marine x2  
  80  6:30  Siege Tank  
  80  6:32  Marine x2  
  88  6:35  Medivac x2  
  88  6:39  Marine  
  92  6:40  Marine  
  92  6:43  Marine  
  92  6:46  Marine  
  96  6:50  Marine  
  96  6:52  Marine x2  
  99  6:55  Combat Shield  
  99  6:57  Marine  
  99  6:58  Marine  
  99  6:59  Supply Depot  
  99  7:01  Marine  
  101  7:03  Marine  
  94  7:08  Marine  
  94  7:09  Marine  
  94  7:10  Marine  
  94  7:15  Marine  
  95  7:16  Medivac x2, Marine  
  95  7:19  Marine  
  95  7:21  Siege Tank, Marine  
  106  7:24  SCV  
  106  7:26  Marine  
  106  7:27  Marine x2  
  107  7:33  Marine  
  107  7:34  Marine  
  107  7:36  Supply Depot  
  107  7:37  Marine  
  108  7:39  Marine  
  107  7:44  Marine  
  106  7:58  Marine x4  
  110  8:02  Marine x2  
  110  8:03  Marine  
  110  8:05  Command Center  
  107  8:15  Marine x3  
  107  8:17  Marine  
  105  8:20  Marine x2  
  110  8:28  Supply Depot  
Tags
 
Add a new tag
Caveats
  • Supply blocks, unpowered buildings, or Contaminate may cause inaccurate times.
  • Supply counts are checked every 10 seconds.